 Dungeon Crawl Stone Soup version 0.30-a0-808-g6e0788376e (webtiles) character file.

Game seed: 6411910672918361893

98 cheesebisquit the Cutter (level 4, -8/52 HPs)
             Began as a Merfolk Gladiator on Feb 25, 2023.
             Blown up by Ijyb (15 damage)
             ... with a mindburst bolt
             ... on level 3 of the Dungeon.
             The game lasted 00:09:21 (2807 turns).

cheesebisquit the Cutter (Merfolk Gladiator)        Turns: 2807, Time: 00:09:21

Health: -8/52      AC: 22    Str: 14    XL:     4   Next: 71%
Magic:  4/4        EV:  2    Int:  7    God:
Gold:   96         SH:  0    Dex: 17    Spells: 3/3 levels left

rFire   . . .      SeeInvis .    (no weapon)
rCold   . . .      Faith    .    (no shield)
rNeg    . . .      Spirit   .    (body armour currently unavailable)
rPois   +          Reflect  .    (helmet currently unavailable)
rElec   .          Harm     .    (cloak currently unavailable)
rCorr   .          Rampage  .    (gloves currently unavailable)
Will    .....      NoTele   +    (boots currently unavailable)
Stlth   ++                       (no amulet)
HPRegen 0.28/turn                (no ring)
MPRegen 0.09/turn                (no ring)

@: tree-form
A: stationary, stasis, torment immunity, boosted hp, (nimble swimmer 2),
(mertail)
a: no special abilities


You were on level 3 of the Dungeon.
You were a tree.
You visited 1 branch of the dungeon, and saw 3 of its levels.

You collected 96 gold pieces.

Inventory:

Hand Weapons
 a - a +0 rapier
Missiles
 m - 6 datura-tipped darts
 o - a javelin (quivered)
Armour
 b - a +0 leather armour (melded)
 c - a +0 helmet (melded)
 f - a +0 pair of gloves (melded)
Jewellery
 t - a ring of positive energy
Wands
 q - a wand of acid (7)
Scrolls
 d - a scroll of identify {unknown}
 h - a scroll of noise {unknown}
 i - a scroll of teleportation {unknown}
 l - 3 scrolls of immolation
 r - a scroll of poison {unknown}
 s - a scroll of acquirement {unknown}
Potions
 g - a potion of lignification
 j - a potion of degeneration {unknown}
 k - a potion of flight {unknown}
 n - a potion of haste {unknown}
 p - a potion of invisibility {unknown}


   Skills:
 + Level 3.0 Fighting
 * Level 5.0 Short Blades
 - Level 2.0 Throwing
 + Level 4.7 Dodging
 + Level 2.0 Stealth


You had 3 spell levels left.
You didn't know any spells.
Your spell library was empty.

Dungeon Overview and Level Annotations

Branches:
Dungeon (3/15)

Altars:

Shops:
D:2 !

Annotations:
D:3 Ijyb, Sigmund


Innate Abilities, Weirdness & Mutations

You are a tree.
Your roots penetrate the ground, keeping you stationary.
You cannot be teleported.
You are immune to unholy pain and torment.
Your maximum health is greatly increased.
Your equipment is partially melded.
((You are very nimble when in or above water. (Stealth+, EV+, Speed+++)))
((Your lower body shifts to a powerful aquatic tail in water.))


Message History

Ijyb is wielding a +0 club and carrying a wand of mindburst (8).
Okay, then.
The goblin shouts!
Ijyb shouts!
There is an open door here.
You hit Ijyb but do no damage. Ijyb hits you with a +0 club.
You hit Ijyb.
Ijyb is lightly wounded.
Ijyb closely misses you.
You puncture Ijyb! You punch Ijyb.
Ijyb is heavily wounded.
Ijyb zaps a wand.
Your mind is blasted!
You hit Ijyb but do no damage.
Ijyb is heavily wounded.
The goblin closely misses you.
Ijyb zaps a wand.
Your mind is blasted!
Ouch! That really hurt!
* * * LOW HITPOINT WARNING * * *
It was a potion of lignification.
You turn into a tree.
Your +0 helmet melds into your body.
Your +0 pair of gloves melds into your body.
Your +0 leather armour melds into your body.
Your roots penetrate the ground.
The goblin hits you but does no damage. Ijyb hits you but does no damage.
You are now empty-handed.
It was a potion of heal wounds.
You feel much better. The goblin hits you but does no damage.
Ijyb zaps a wand.
Your mind is blasted!
* * * LOW HITPOINT WARNING * * *
Okay, then.
You barely miss Ijyb.
Ijyb is heavily wounded.
Ijyb hits you but does no damage. The goblin barely misses you.
You hit Ijyb.
Ijyb is severely wounded.
The goblin hits you with a +0 club.
* * * LOW HITPOINT WARNING * * *
Ijyb zaps a wand.
Your mind is blasted!
* * * LOW HITPOINT WARNING * * *
You barely miss Ijyb.
Ijyb is severely wounded.
The goblin hits you but does no damage.
Ijyb zaps a wand.
Your mind is blasted!
You die...

#.# #.###########
###...........#
#.........###.#
#........[# #.#
#.........# #.#######
#####'####### #.#.....#
......# ######.#.....#
................♣g....+
############....#g...^#
#...##.#.....# ...##
#.#......# ##
#.#......# #.#......#
..#......# ' #. ....###


You could see Ijyb and a goblin.

Vanquished Creatures
  Jessica (D:3)
  3 adders
  A worm (D:2)
  3 dart slugs
  6 ball pythons
  4 endoplasms
  2 giant cockroaches
  4 goblins
  3 hobgoblins
  3 kobolds
  A quokka (D:2)
  A bat (D:1)
  2 frilled lizards
  3 rats
37 creatures vanquished.

Notes
Turn   | Place    | Note
-------+----------+-------------------------------------------
     0 | D:1      | cheesebisquit the Merfolk Gladiator began the quest for the
                  | Orb.
     0 | D:1      | Reached XP level 1. HP: 16/16 MP: 1/1
   265 | D:1      | Reached XP level 2. HP: 23/23 MP: 2/2
   476 | D:2      | Reached skill level 4 in Short Blades
   773 | D:1      | Reached skill level 1 in Stealth
   911 | D:2      | Found Uffeaptotedd's Distillery.
   939 | D:2      | Reached XP level 3. HP: 28/28 MP: 3/3
  1169 | D:2      | Found a faded altar of an unknown god.
  1781 | D:3      | Noticed Sigmund
  2214 | D:3      | Reached XP level 4. HP: 34/34 MP: 4/4
  2348 | D:3      | Noticed Jessica
  2357 | D:3      | Killed Jessica
  2770 | D:3      | Reached skill level 5 in Short Blades
  2796 | D:3      | Noticed Ijyb
  2807 | D:3      | Blown up by Ijyb

Illustrated notes

Levels and vault maps discovered:
D:1:      minmay_arrival_doors, layout_rooms, minmay_misc_feat_cross
D:2:      layout_loops_cross, hellmonk_ecumenical_altar_blasted, serial_shops,
          nicolae_shop_trees, serial_rivers, chequers_serial_rivers_marsh,
          chequers_serial_rivers_marsh, chequers_serial_rivers_small_b,
          chequers_serial_rivers_room_a, minmay_pentomino_pile
D:3:      layout_basic, uniq_jessica, uniq_ijyb, uniq_sigmund, uniq_natasha

Skill      XL: |  1  2  3  4 |
---------------+-------------+-----
Short Blades   | 4 5 |  5.0
Stealth        | 1 2 |  2.0
Fighting       | 3 |  3.0
Throwing       | |  2.0
Dodging        | |  4.7

Action                     |  1- 3 |  4- 6 || total
---------------------------+-------+-------++-------
  Melee: Rapier            |    87 |    35 ||   122
         Punch             |     2 |     1 ||     3
         Unarmed           |       |     3 ||     3
  Throw: Throwing net      |    11 |       ||    11
         Javelin           |     1 |       ||     1
    Use: Potion            |       |     2 ||     2
   Stab: Held in net/web   |     2 |       ||     2
         Sleeping          |     2 |     1 ||     3
 Armour: Leather armour    |    16 |     7 ||    23
         Skin              |       |     5 ||     5
  Dodge: Dodged            |    39 |    22 ||    61

Table legend: (Time is in decaauts)
 A = Elapsed time spent in this place.
 B = Non-inter-level travel time spent in this place.
 C = Inter-level travel time spent in this place.
 D = Time resting spent in this place.
 E = Time spent auto-exploring this place.
 F = Levels seen in this place.
 G = Mean time per level.
                   A        B        C        D        E       F      G
               +--------+--------+--------+--------+--------+-----+--------+
         Total |   2795 |   2658 |    137 |   1149 |    990 |   3 |  931.7 |
       Dungeon |   2795 |   2658 |    137 |   1149 |    990 |   3 |  931.7 |
               +--------+--------+--------+--------+--------+-----+--------+

Top non-repeatable levels by time:
     D:3: 1112 daAuts
     D:2: 1085 daAuts
     D:1: 598 daAuts
